 Dungeon Crawl Stone Soup version 0.17.0-56-gd8de76c (webtiles) character file.

23 coffecat the Ruffian (level 2, 0/34 HPs)
             Began as a Draconian Transmuter on Dec 4, 2015.
             Was a Follower of Makhleb.
             Succumbed to an adder's poison
             ... on level 2 of the Dungeon.
             The game lasted 00:04:40 (1617 turns).

coffecat the Ruffian (Draconian Transmuter)         Turns: 1617, Time: 00:04:40

Health: 0/34       AC: 21    Str: 12    XL:     2   Next: 72%
Magic:  5/5        EV:  2    Int: 13    God:    Makhleb [*.....]
Gold:   49         SH:  0    Dex: 11    Spells: 1 memorised, 4 levels left

rFire  . . .     SeeInvis .       - Unarmed
rCold  . . .     Clarity  .     (armour unavailable)
rNeg   + + +     SustAt   .     (no shield)
rPois  +         Gourm    .     (helmet currently unavailable)
rElec  .         Spirit   .     (cloak currently unavailable)
rCorr  .         Warding  .     (gloves currently unavailable)
rMut   +         NoTele   +     (boots currently unavailable)
MR     .....                    d - amulet of resist mutation
Stlth  +.........               (no ring)
                                (no ring)

@: lethally poisoned (0 -> -1), tree-form, not resistant to hostile
enchantments, very unstealthy
A: unfitting armour, (cold-blooded), AC +4
a: Renounce Religion


You were on level 2 of the Dungeon.
You worshipped Makhleb.
Makhleb was aware of your devotion.
You were not hungry.
You were a tree.
You visited 1 branch of the dungeon, and saw 2 of its levels.

You collected 49 gold pieces.

Inventory:

Missiles
 a - 12 arrows
Jewellery
 d - an amulet of resist mutation (around neck)
Potions
 e - a potion of flight {unknown}
Books
 b - a book of Changes

   Spells                             Type                      Level
   a - Beastly Appendage              Transmutation                1
   b - Sticks to Snakes               Transmutation                2
   c - Spider Form                    Transmutation/Poison         3
   d - Ice Form                       Ice/Transmutation            4
   e - Blade Hands                    Transmutation                5
Comestibles
 c - a bread ration
 h - 2 inedible chunks of flesh


   Skills:
 + Level 1.1 Fighting
 + Level 2.2 Dodging
 * Level 3.4 Unarmed Combat
 + Level 2.3 Spellcasting
 + Level 2.0 Transmutations


You had 4 spell levels left.
You knew the following spells:

 Your Spells              Type           Power        Failure   Level  Hunger
a - Beastly Appendage     Trmt           #.....       12%         1    #......


Dungeon Overview and Level Annotations

Branches:
Dungeon (2/15)

Altars:
Makhleb


Innate Abilities, Weirdness & Mutations

((Your plain brown scales are hard (AC +4).))
Your body does not fit into most forms of armour.
((You are cold-blooded and may be slowed by cold attacks.))


Message History

Your talons disappear.
You turn into a tree.
Your roots penetrate the ground.
The adder bites you but does no damage. x2
The adder bites you but does no damage. The adder bites you but does no damage.
You feel sick. The adder bites you but does no damage.
The adder bites you but does no damage. The adder bites you but does no damage.
There are monsters nearby!
You cannot move.
The adder bites you.
* * * LOW HITPOINT WARNING * * *
Read which item? (? for menu, Esc to quit)
As you read the scroll labeled VEAXUKHLUIXU, it crumbles to dust.
The dust glows dull black!
It was a scroll of random uselessness.
The adder bites you but does no damage. x2
Read which item? (? for menu, Esc to quit)
As you read the scroll labeled GUENGE OSUTY, it crumbles to dust.
You feel aware of your surroundings.
It was a scroll of magic mapping.
You die...

.....#### #....#..####......#
..##....######...............#
....###......................#
.##.....#####.###.......#....#
...#....# #..# #.##.#..#....#
...#....# #.####.##...##....#
...#....# ##......#....##....#
...#....# #...###....##*######
.....##.###.#.##♣.##.#
##....#...^...##S##*.#
....()...##.####r#*..#
##.#)##(###.##..J##..#
#)(..##...#....#.....#
...###(......#.......#
#..#.((....##........#
......##.#.##........#
#...............>..<##********


You could see an ooze, an adder and a rat.

Vanquished Creatures
  2 giant geckos (D:2)
  3 bats
  5 hobgoblins
  A giant cockroach (D:2)
  A giant newt (D:1)
  A goblin (D:2)
  4 kobolds
  3 rats
20 creatures vanquished.

Notes
Turn   | Place    | Note
--------------------------------------------------------------
     0 | D:1      | coffecat the Draconian Transmuter began the quest for the Orb.
     0 | D:1      | Reached XP level 1. HP: 16/16 MP: 3/3
   911 | D:1      | Reached XP level 2. HP: 17/23 MP: 3/5
  1531 | D:2      | Found a faded altar to an unknown god.
  1538 | D:2      | Became a worshipper of Makhleb the Destroyer
  1538 | D:2      | Reached * piety under Makhleb
  1615 | D:2      | HP: 1/34 [adder (2)]
  1617 | D:2      | Succumbed to an adder's poison

Action                   || total
-------------------------++-------
Melee: Unarmed           ||    94
 Cast: Beastly Appendage ||     9
  Use: Scroll            ||     2
       Potion            ||     1
  Eat: Chunk             ||     2
